 Dungeon Crawl Stone Soup version 0.26-a0-505-g732bf3b8d2 (webtiles) character file.

Game seed: 17860497559829164134

3938 KristoblXynda the Covert (level 10, -5/74 HPs)
             Began as a Vampire Gladiator on Aug 9, 2020.
             Killed from afar by Harold (16 damage)
             ... with a harpoon shot
             ... on level 7 of the Dungeon.
             The game lasted 00:15:10 (7856 turns).

KristoblXynda the Covert (Vampire Gladiator)        Turns: 7856, Time: 00:15:11

Health: -5/74      AC: 12    Str: 15    XL:     10   Next: 1%
Magic:  10/10      EV: 14    Int: 12    God:
Gold:   465        SH:  0    Dex: 16    Spells: 9/9 levels left

rFire    . . .     SeeInvis +   x - +0 falchion (curse)
rCold    . . .     Faith    .   (no shield)
rNeg     . . .     Spirit   .   u - +0 scale mail (curse)
rPois    +         Reflect  .   j - +1 hat
rElec    .         Harm     .   w - +0 cloak (curse)
rCorr    +                      A - +0 pair of gloves
MR       +....                  e - +1 pair of boots
Stlth    +++.......             t - amulet of regeneration
HPRegen  0.82/turn              q - ring of poison resistance (curse)
MPRegen  0.12/turn              o - ring of resist corrosion

@: marked, very slightly contaminated, regenerating quickly
A: fangs 3, see invisible, unbreathing
a: Exsanguinate


You were on level 7 of the Dungeon.
You visited 1 branch of the dungeon, and saw 7 of its levels.
You also visited: Sewer.

You collected 465 gold pieces.

Inventory:

Hand Weapons
 a - a +0 long sword
 d - a +2 dagger of venom
 x - a cursed +0 falchion (weapon)
Armour
 e - a +1 pair of boots (worn)
 j - a +1 hat (worn)
 u - a cursed +0 scale mail (worn)
 w - a cursed +0 cloak (worn)
 A - a +0 pair of gloves (worn)
Jewellery
 k - an uncursed ring of protection from cold
 o - a ring of resist corrosion (right hand)
 p - an uncursed ring of wizardry
 q - a cursed ring of poison resistance (left hand)
 t - an amulet of regeneration (around neck)
Wands
 r - a wand of enslavement (4)
 y - a wand of digging (4)
Scrolls
 g - 2 scrolls of enchant armour
 h - a scroll of teleportation
 i - a scroll of fog
 s - a scroll of fear
 v - a scroll of immolation
 B - a scroll of identify
Potions
 b - a potion of curing
 c - a potion of invisibility
 l - a potion of haste {unknown}
 m - 4 potions of mutation
 n - a potion of flight


   Skills:
 - Level 5.0 Fighting
 + Level 7.9 Long Blades
 - Level 2.0 Throwing
 + Level 4.0 Armour
 + Level 8.6 Dodging
 + Level 10.7 Stealth


You had 9 spell levels left.
You didn't know any spells.
Your spell library contained the following spells:

 Spells                   Type           Power        Failure   Level
 Beastly Appendage        Tmut           #.....       77%         1
 Wereblood                Tmut           #.......     88%         2
 Spider Form              Tmut/Pois      #.........   98%         3
 Ice Form                 Ice/Tmut       #.......     100%        4
 Blade Hands              Tmut           #.........   100%        5


Dungeon Overview and Level Annotations

Branches:
Dungeon (7/15)              Sewer (visited)
 Temple: D:4-7

Altars:
Elyvilon
Fedhas

Annotations:
D:4 3 runed translucent doors, Vruhakk's ghost, amateur GrAK
D:7 Harold


Innate Abilities, Weirdness & Mutations

Your natural rate of healing is unusually fast.
You have razor-sharp teeth.
You have supernaturally acute eyesight. (SInv)
You can survive without breathing.


Message History

You catch the helpless Harold completely off-guard!
You hit Harold. You bite Harold, but do no damage.
Harold is heavily wounded.
You hit Harold.
Harold is heavily wounded.
You flicker back into view.
Harold struggles against the net.
You hit Harold but do no damage.
Harold is heavily wounded.
Harold struggles against the net.
You strike the helpless Harold from behind!
You hit Harold. You bite Harold, but do no damage.
Harold is heavily wounded.
Harold struggles against the net.
Harold struggles against the net.
Harold struggles against the net.
The net rips apart, and Harold comes free!
Harold fires a harpoon shot at you. The harpoon shot hits you!
You die...

.............#########...........
............####......(..........
.................#..........(....
#....................##.##......#
................#...###.##......#
......<...........##....##.######
#.................#..#####)#
#.................#.## ###.######
................@...####.(......#
#.#...........[...#.@.รท.........#
..#........<......####...........
#.#[.............................
#...................##.#.........
#......................#.........
###..............................
###..............................
#.........(.##....##.............


You could see Harold.

Vanquished Creatures
  A two-headed ogre (D:7)
  Joseph (D:7)
  A hippogriff (D:7)
  Eustachio (D:6)
  Duvessa (D:7)
  A phantom (D:6)
  2 ice beasts
  An orc warrior (D:6)
  Purgy (Sewer)
  2 sky beasts (D:7)
  2 centaurs (D:5)
  3 ogres
  4 bullfrogs
  Blork the orc (D:6)
  Dowan (D:7)
  2 scorpions
  4 killer bees (D:7)
  A centaur zombie (D:7)
  A bullfrog zombie (D:3)
  2 hounds
  A jelly (D:5)
  5 orc wizards
  A centaur skeleton (D:5)
  2 orc priests
  Jessica (D:3)
  3 iguanas
  5 worker ants
  Terence (D:3)
  4 gnolls (D:4)
  10 adders
  A shadow imp (D:6)
  2 white imps
  An ufetubus (D:5)
  An ooze (D:1)
  An adder skeleton (D:4)
  3 worms (D:2)
  A dart slug (D:2)
  3 leopard geckos
  15 orcs
  4 bats
  17 giant cockroaches
  7 goblins
  5 hobgoblins
  20 jackals
  6 quokkas
  7 frilled lizards
  A jackal zombie (D:5)
  11 kobolds
  A leopard gecko skeleton (D:4)
  A quokka skeleton (D:4)
  12 rats
186 creatures vanquished.

Notes
Turn   | Place    | Note
-------+----------+-------------------------------------------
     0 | D:1      | KristoblXynda the Vampire Gladiator began the quest for the
                  | Orb.
     0 | D:1      | Reached XP level 1. HP: 16/16 MP: 1/1
   148 | D:1      | Reached XP level 2. HP: 22/22 MP: 2/2
  1027 | D:2      | Reached XP level 3. HP: 27/27 MP: 3/3
  1189 | D:2      | Reached skill level 1 in Stealth
  1438 | D:2      | Reached XP level 4. HP: 34/34 MP: 4/4
  1788 | D:3      | Noticed Terence
  1799 | D:3      | Killed Terence
  1799 | D:3      | Reached skill level 2 in Stealth
  1897 | D:3      | Noticed Jessica
  1902 | D:3      | Killed Jessica
  1902 | D:3      | Reached XP level 5. HP: 40/40 MP: 5/5
  1915 | D:3      | You fall into a shaft and drop 3 floors!
  2066 | D:6      | Reached skill level 3 in Stealth
  2143 | D:6      | Noticed a phantom
  2185 | D:6      | Killed a phantom
  2185 | D:6      | Reached XP level 6. HP: 32/47 MP: 6/6
  2376 | D:6      | Reached skill level 4 in Stealth
  2406 | D:6      | Noticed an orc warrior
  2428 | D:6      | Killed an orc warrior
  2428 | D:6      | Reached skill level 5 in Dodging
  2459 | D:6      | Reached skill level 5 in Stealth
  2459 | D:6      | Reached XP level 7. HP: 29/53 MP: 7/7
  2767 | D:6      | Noticed Blork the orc
  2785 | D:6      | Killed Blork the orc
  2834 | D:6      | Noticed Eustachio
  2854 | D:6      | Reached skill level 5 in Long Blades
  2965 | D:6      | Killed Eustachio
  2965 | D:6      | Reached skill level 6 in Stealth
  3442 | D:6      | Found a white marble altar of Elyvilon.
  3469 | D:6      | Reached XP level 8. HP: 56/61 MP: 8/8
  3566 | D:6      | Reached skill level 7 in Stealth
  3946 | D:5      | Entered Level 5 of the Dungeon
  4010 | D:5      | Found a glowing drain.
  4020 | Sewer    | Entered a sewer
  4148 | Sewer    | Noticed Purgy
  4165 | Sewer    | Killed Purgy
  4297 | D:5      | Reached skill level 5 in Fighting
  4530 | D:5      | Found a blossoming altar of Fedhas.
  4548 | D:5      | Reached skill level 1 in Armour
  4548 | D:5      | Reached skill level 8 in Stealth
  5086 | D:4      | Found a runed translucent gate.
  5086 | D:4      | Found a runed translucent gate.
  5100 | D:4      | Found a runed translucent gate.
  5369 | D:4      | Reached XP level 9. HP: 58/68 MP: 9/9
  5623 | D:4      | Noticed Vruhakk's ghost (amateur GrAK)
  6106 | D:3      | You fall into a shaft and drop 2 floors!
  6830 | D:7      | Reached skill level 9 in Stealth
  6955 | D:7      | Noticed a two-headed ogre
  6980 | D:7      | Killed a two-headed ogre
  6980 | D:7      | Reached skill level 10 in Stealth
  7244 | D:7      | Noticed Dowan
  7244 | D:7      | Noticed Duvessa
  7279 | D:7      | Killed Duvessa
  7289 | D:7      | Killed Dowan
  7645 | D:7      | Noticed Joseph
  7646 | D:7      | Noticed Harold
  7776 | D:7      | Killed Joseph
  7776 | D:7      | Reached XP level 10. HP: 49/74 MP: 10/10
  7845 | D:7      | HP: 3/74 [Harold/+1 dire flail of holy wrath (2)]
  7856 | D:7      | Killed from afar by Harold

Illustrated notes

Levels and vault maps discovered:
D:1:      heliophobic_arrival_glass_houses, layout_basic
D:2:      layout_basic
D:3:      layout_loops_corners, kennysheep_cluttered_room, uniq_jessica,
          uniq_terence
D:4:      layout_basic, gammafunk_ghost_nasty_kobolds, minmay_bisected
D:5:      layout_gridville, gup_sewer_entry_bubbles,
          fedhas_bush_and_centaur_altar
D:6:      layout_gridville, basic_altar, uniq_blork_the_orc, uniq_eustachio
D:7:      layout_rooms, lemuel_temple_firewalk_a, uniq_harold, uniq_joseph,
          uniq_duvessa

Skill      XL: |  1  2  3  4  5  6  7  8  9 |
---------------+----------------------------+-----
Fighting       | 2 3 4 5 |  5.0
Throwing       | 2 |  2.0
Stealth        | 1 2 3 5 6 8 10 | 10.7
Dodging        | 4 5 6 7 8 |  8.6
Long Blades    | 4 5 6 7 |  7.9
Armour         | 1 4 |  4.0

Action                   |  1- 3 |  4- 6 |  7- 9 | 10-12 || total
-------------------------+-------+-------+-------+-------++-------
Melee: Long sword        |    72 |    90 |   331 |       ||   493
       Bite              |    12 |    16 |    80 |     5 ||   113
       Falchion          |       |       |   228 |    23 ||   251
Throw: Throwing net      |       |       |     3 |     1 ||     4
  Use: Scroll            |       |     6 |     8 |       ||    14
       Potion            |       |     4 |     1 |     3 ||     8
 Stab: Sleeping          |       |     1 |    21 |       ||    22
       Held in net/web   |       |       |     2 |     2 ||     4
       Distracted        |       |       |     1 |       ||     1
       Invisible         |       |       |       |     3 ||     3
Armor: Leather armour    |     4 |       |       |       ||     4
       Ring mail         |    18 |    29 |   106 |       ||   153
       Scale mail        |       |       |   121 |     1 ||   122
Dodge: Dodged            |    62 |    62 |   497 |     8 ||   629
       Rpst.: Long sword |    22 |    18 |    84 |       ||   124
       Falchion          |       |       |    54 |     1 ||    55

Table legend: (Time is in decaauts)
 A = Elapsed time spent in this place.
 B = Non-inter-level travel time spent in this place.
 C = Inter-level travel time spent in this place.
 D = Time resting spent in this place.
 E = Time spent auto-exploring this place.
 F = Levels seen in this place.
 G = Mean time per level.
                   A        B        C        D        E       F      G
               +--------+--------+--------+--------+--------+-----+--------+
         Total |   7948 |   7528 |    420 |   1286 |   3884 |   8 |  993.5 |
       Dungeon |   7761 |   7341 |    420 |   1286 |   3884 |   7 | 1108.7 |
         Sewer |    187 |    187 |      0 |      0 |      0 |   1 |  187.0 |
               +--------+--------+--------+--------+--------+-----+--------+

Top non-repeatable levels by time:
     D:6: 2097 daAuts
     D:5: 1045 daAuts
     D:7: 1029 daAuts
     D:1: 1009 daAuts
     D:3: 993 daAuts
     D:4: 837 daAuts
     D:2: 748 daAuts
   Sewer: 187 daAuts
